 Dungeon Crawl Stone Soup version 0.23.2-1-ga50397a (webtiles) character file.

Game seed: 14393175923519990729

97 xveg the Sneak (level 5, -13/39 HPs)
             Began as a Human Assassin on May 7, 2019.
             Was a Follower of Uskayaw.
             Mangled by an ogre
             ... wielding a +0 giant club
              (30 damage)
             ... on level 3 of the Dungeon.
             The game lasted 00:05:32 (2015 turns).

xveg the Sneak (Human Assassin)                     Turns: 2015, Time: 00:05:33

Health: -13/39     AC:  3    Str: 11    XL:     5   Next: 0%
Magic:  5/5        EV: 12    Int: 12    God:    Uskayaw [*.....]
Gold:   175        SH:  0    Dex: 15    Spells: 4/4 levels left

rFire    . . .     SeeInvis .   a - +2 dagger
rCold    . . .     Gourm    .   (no shield)
rNeg     . . .     Faith    .   c - +0 robe
rPois    .         Spirit   .   (no helmet)
rElec    .         Reflect  .   d - +0 cloak
rCorr    .         Harm     .   (no gloves)
MR       .....                  (no boots)
Stlth    +++.......             (no amulet)
HPRegen  0.13/turn              (no ring)
MPRegen  0.09/turn              (no ring)

@: no status effects
A: no striking features
a: Stomp, Renounce Religion


You were on level 3 of the Dungeon.
You worshipped Uskayaw.
Uskayaw was noncommittal.
You were not hungry.

You visited 1 branch of the dungeon, and saw 3 of its levels.

You collected 175 gold pieces.

Inventory:

Hand Weapons
 a - a +2 dagger (weapon)
 b - a +0 blowgun
Missiles
 e - 26 poisoned needles
 f - 2 curare-tipped needles
Armour
 c - a +0 robe (worn)
 d - a +0 cloak (worn)
Jewellery
 k - a +4 ring of strength {unknown}
 m - a +5 ring of strength {unknown}
 n - a +2 ring of protection {unknown}
Scrolls
 h - 6 scrolls of identify {unknown}
 i - a scroll of fear {unknown}
 j - 4 scrolls of teleportation {unknown}
 o - a scroll of immolation {unknown}
Potions
 l - a potion of berserk rage {unknown}
Comestibles
 g - 4 rations


   Skills:
 + Level 2.4 Fighting
 + Level 2.4 Short Blades
 + Level 3.0 Throwing
 + Level 1.7 Dodging
 + Level 4.9 Stealth


You had 4 spell levels left.
You didn't know any spells.
Your spell library contained the following spells:

 Spells                   Type           Power        Failure   Level  Hunger
 Beastly Appendage        Tmut           #.....       32%         1    ##.....
 Sticks to Snakes         Tmut           #.......     45%         2    ###....
 Spider Form              Tmut/Pois      #.........   69%         3    ####...
 Ice Form                 Ice/Tmut       #.......     97%         4    #####..
 Blade Hands              Tmut           #.........   100%        5    ######.


Dungeon Overview and Level Annotations

Branches:
Dungeon (3/15)

Altars:
Uskayaw


Message History

The ogre looks as sick as possible!
The ogre is moderately wounded.
The bat hits you but does no damage.
A giant cockroach comes into view.
Firing (i - inventory. (/) - cycle)
e - 27 poisoned needles (quivered)
Press: ? - help, Shift-Dir - straight line, f/p - ogre
Aim: an ogre, wielding a +0 giant club (moderately wounded, poisoned)
You shoot a poisoned needle. The poisoned needle hits the ogre.
The ogre looks as sick as possible!
The ogre is moderately wounded.
The bat barely misses you.
Unknown command.
a - a +2 dagger (weapon)
The bat hits you but does no damage.
The ogre hits you with a +0 giant club!!
Ouch! That really hurt!
The bat hits you but does no damage. The bat closely misses you.
The ogre hits you with a +0 giant club!!
Ouch! That really hurt!
You die...

....(....... ######
...(......##. #....#
##..(#.?.(....
#....######....(.s).....
#................#.....
#(...###..(..#.#(....
#....#####.###..O.#
#....##....##..@..#
#....<....###.b)#.#
#..............#..#
#.............##.##
#..........##........
#.........###........
#.........# ##...>###
#........)# #####
#....######


You could see an ogre, a giant cockroach and a bat.

Vanquished Creatures
  Jessica (D:2)
  An adder (D:2)
  A dart slug (D:1)
  A leopard gecko (D:2)
  2 giant cockroaches (D:1)
  8 goblins
  4 hobgoblins
  3 jackals (D:1)
  2 quokkas (D:2)
  6 bats
  2 frilled lizards
  9 kobolds
  25 rats
65 creatures vanquished.

Notes
Turn   | Place    | Note
-------+----------+-------------------------------------------
     0 | D:1      | xveg the Human Assassin began the quest for the Orb.
     0 | D:1      | Reached XP level 1. HP: 16/16 MP: 1/1
    54 | D:1      | Reached XP level 2. HP: 22/22 MP: 2/2
   572 | D:1      | Reached XP level 3. HP: 27/27 MP: 3/3
  1278 | D:2      | Noticed Jessica
  1293 | D:2      | Killed Jessica
  1293 | D:2      | Reached XP level 4. HP: 12/34 MP: 4/4
  1489 | D:2      | Found a faded altar of an unknown god.
  1613 | D:2      | Became a worshipper of Uskayaw the Reveler
  1613 | D:2      | Reached * piety under Uskayaw
  1812 | D:2      | Reached ** piety under Uskayaw
  1822 | D:2      | Reached *** piety under Uskayaw
  1837 | D:2      | Reached **** piety under Uskayaw
  1972 | D:3      | Reached XP level 5. HP: 39/39 MP: 5/5
  2004 | D:3      | Noticed an ogre
  2015 | D:3      | Mangled by an ogre

Skill      XL: |  1  2  3  4 |
---------------+-------------+-----
Throwing       | 3 |  3.0
Fighting       | |  2.4
Short Blades   | |  2.4
Dodging        | |  1.7
Stealth        | |  4.9

Action                   |  1- 3 |  4- 6 || total
-------------------------+-------+-------++-------
Melee: Dagger            |    91 |    52 ||   143
 Fire: Blowgun           |    33 |    16 ||    49
 Stab: Sleeping          |     7 |     6 ||    13
       Paralysed         |       |     1 ||     1
  Eat: Ration            |     1 |       ||     1
Armor: Robe              |    53 |    22 ||    75
Dodge: Dodged            |    88 |    36 ||   124
